[Event "*** SCC Grand Prix: Titled Tuesday Blitz"]
[Site "Chess.com"]
[Date "2020.08.25"]
[Round "8"]
[White "bascheyaro"]
[Black "seorobert1971"]
[Result "0-1"]
[WhiteElo "2749"]
[BlackElo "2655"]
[TimeControl "180+1"]
[EndTime "11:36:37 PDT"]
[Termination "seorobert1971 won by resignation"]

1. d4 Nf6 2. Nc3 e6 3. e4 d5 4. e5 Nfd7 5. f4 c5 6. Nf3 Be7 7. Bd3 Nc6 8. O-O cxd4 9. Ne2 Qb6 10. a3 a5 11. Kh1 O-O 12. Nexd4 Nxd4 13. Nxd4 a4 14.
c3 Nc5 15. Bc2 g6 16. Rb1 Bd7 17. g4 f6 18. exf6 Bxf6 19. Be3 Qc7 20. f5 gxf5 21. gxf5 e5 22. Nf3 Kh8 23. Qxd5 Nb3 24. Be4 Bc6 25. Qc4 Na5 26. Qd3 Rad8 27. Qc2 Nc4 28. Bh6 Rg8 29.
Rg1 b5 30. Rxg8+ Rxg8 31. Rg1 Rxg1+ 32. Kxg1 Qb7 33. Bxc6 Qxc6 34. Ng5 Bxg5 35. Bxg5 Qf3 36. Bf6+ Kg8 37. Qg2+ Qxg2+ 38. Kxg2 Kf7 39. Bd8 Nxb2 40.
Ba5 Nc4 41. Bb4 Ne3+ 42. Kf3 Nxf5 43. Ke4 Ke6 44. Bc5 Nd6+ 45. Kd3 Kd5 46. Bb4 Nc4 47. h4 h5 48. Ke2 Ke4 49. Bd6 0-1

[Event "*** SCC Grand Prix: Titled Tuesday Blitz"]
[Site "Chess.com"]
[Date "2020.08.25"]
[Round "8"]
[White "maximnovik"]
[Black "RobertoJBM"]
[Result "0-1"]
[WhiteElo "2481"]
[BlackElo "2650"]
[TimeControl "180+1"]
[EndTime "11:36:37 PDT"]
[Termination "RobertoJBM won by resignation"]

1. d4 d5 2. c4 c6 3. Nc3 dxc4 4. e4 e5 5. dxe5 Qxd1+ 6. Nxd1 b5 7. f4 f6 8. Nf3 Bg4 9. exf6 Nxf6 10. Nf2 Bxf3 11. gxf3 Bb4+ 12. Ke2 Nbd7 13. Be3 Bc5 14. Rg1 Bxe3 15. Kxe3 O-O 16. Bh3 Rae8 17. Bxd7 Nxd7 18. Rad1 Nb6 19. f5 Na4 20. Rd6 Rc8 21. f6 Rf7 22.
e5 Nxb2 23. Ne4 c3 24. Kd4 Nc4 25. Kxc3 Nxe5 26. f4 Ng6 27. f5 Nf4 28. fxg7 Ne2+ 29. Kd2 Nxg1 30. f6 Nf3+ 31. Ke3 Ne5 32. Re6 Ng4+ 33.
Kf4 Nxf6 34. Nxf6+ Kxg7 35. Ke5 Rxf6 36. Rxf6 Re8+ 37. Kf5 Rf8 38. Rxf8 Kxf8 39. Ke6 a5 40.
Kd6 a4 41. Kxc6 b4 0-1

[Event "*** SCC Grand Prix: Titled Tuesday Blitz"]
[Site "Chess.com"]
[Date "2020.08.25"]
[Round "8"]
[White "poppy73"]
[Black "Khazieva_Elza"]
[Result "0-1"]
[WhiteElo "2257"]
[BlackElo "2421"]
[TimeControl "180+1"]
[EndTime "11:36:38 PDT"]
[Termination "Khazieva_Elza won on time"]

1. e4 c5 2. Nf3 d6 3. d4 cxd4 4. Nxd4 Nf6 5. Nc3 Nc6 6. g3 g6 7. Bg2 Bd7 8. Nxc6 Bxc6 9. Nd5 Bg7 10. O-O O-O 11. c4 Rc8 12. Qe2 e6 13. Nc3 Nd7 14.
Bd2 b6 15. Rad1 Qe7 16. Bf4 Ne5 17. Bxe5 dxe5 18. b3 Rfd8 19. Rxd8+ Rxd8 20. Rd1 Bf6 21. Bf1 Rd4 22. Rxd4 exd4 23. Nb5 a6 24. e5 axb5 25. cxb5 Bd5 26. exf6 Qxf6 27. Bg2 Qf5 28. Bxd5 Qxd5 29. Qd3 e5 30. f3 Qc5 31. Qc4 Qd6 32. Qd3 Qa3 33. Qc2 Qb4 34. Qc4 Qe1+ 0-1

[Event "*** SCC Grand Prix: Titled Tuesday Blitz"]
[Site "Chess.com"]
[Date "2020.08.25"]
[Round "8"]
[White "SlavenPastar"]
[Black "tk22h"]
[Result "1/2-1/2"]
[WhiteElo "2431"]
[BlackElo "2298"]
[TimeControl "180+1"]
[EndTime "11:36:39 PDT"]
[Termination "Game drawn - insufficient material"]

1. d4 Nf6 2. c4 c5 3. d5 e5 4. Nc3 d6 5. Bg5 Be7 6. e3 O-O 7. Bd3 Na6 8. Nge2 Nxd5 9. Bxe7 Nxe7 10. O-O Be6 11. b3 Nc7 12. e4 Nc6 13. f4 f5 14. fxe5 Nxe5 15. exf5 Nxd3 16. Qxd3 Bf7 17. Rad1 Qe7 18. Qxd6 Qe3+ 19. Kh1 Ne8 20. Qd3 Qxd3 21. Rxd3 Nf6 22. h3 h5 23. Rfd1 Rfe8 24. g3 Re5 25.
Rf1 Rae8 26. Rd2 R8e7 27. Kg2 Be8 28. Nf4 Bc6+ 29. Nfd5 Rd7 30. Kf3 Nxd5 31. cxd5 Rxf5+ 32. Kg2 Rxf1 33. Kxf1 Rf7+ 34. Rf2 Bd7 35. h4 b6 36.
Rxf7 Kxf7 37. Kf2 Kf6 38. Ke3 Ke5 39. Kd3 a6 40. a4 b5 41. axb5 axb5 42. Ke3 b4 43.
Ne2 Kxd5 44. Nf4+ Ke5 45. Nxh5 Be6 46. Nxg7 Bxb3 47. g4 Bd1 48. g5 b3 49. Kd2 Bg4 50.
Kc3 c4 51. h5 Bxh5 52. Nxh5 Kf5 53. Nf4 Kxg5 54. Nd5 Kf5 55. Nb6 Kf4 56. Nxc4 b2 57. Nxb2 1/2-1/2

[Event "*** SCC Grand Prix: Titled Tuesday Blitz"]
[Site "Chess.com"]
[Date "2020.08.25"]
[Round "8"]
[White "korkmaz16"]
[Black "MoreChessJulia"]
[Result "1-0"]
[WhiteElo "2302"]
[BlackElo "1903"]
[TimeControl "180+1"]
[EndTime "11:36:40 PDT"]
[Termination "korkmaz16 won on time"]

1. e4 c5 2. Nc3 Nc6 3. f4 e6 4.
Nf3 d5 5. Bb5 Ne7 6. exd5 exd5 7. Qe2 Be6 8. Bxc6+ bxc6 9. O-O Nf5 10. d3 Qc8 11. g4 Ne7 12. f5 Bd7 13. Bf4 f6 14. Bd6 Kf7 15. Bxc5 Ng8 16. Na4 Qc7 17. Rae1 Bxc5+ 18. Nxc5 Re8 19. Qf2 Nh6 20. h3 Bc8 21. Nd4 Re5 22. Nde6 Bxe6 23. fxe6+ Ke7 24. d4 Rxe1 25.
Rxe1 Re8 26. Qe3 Kf8 27. Kg2 Ng8 28. Qd3 g6 29. Qf3 Kg7 30. c3 Qd6 31. Rf1 Rxe6 32. Nxe6+ Qxe6 33. Rf2 Nh6 34. Re2 Qd7 35. Qe3 Nf7 36. Qe6 Qc7 37. Rf2 Qd8 38. Qxc6 Ng5 39. Qb7+ Kh8 40. Qxa7 Ne4 41. Rf3 Qe8 42. Qb6 1-0

[Event "*** SCC Grand Prix: Titled Tuesday Blitz"]
[Site "Chess.com"]
[Date "2020.08.25"]
[Round "8"]
[White "BillieKimbah"]
[Black "hansen"]
[Result "1-0"]
[WhiteElo "2906"]
[BlackElo "2949"]
[TimeControl "180+1"]
[EndTime "11:36:43 PDT"]
[Termination "BillieKimbah won on time"]

1. d4 Nf6 2. Nf3 d5 3. Bg5 e6 4. e3 c5 5. Nbd2 Bd6 6. dxc5 Bxc5 7. c4 O-O 8. cxd5 Qxd5 9. Bxf6 gxf6 10. Bc4 Qd8 11.
O-O Nc6 12. Qc2 Be7 13. Rfd1 Qa5 14. a3 Rd8 15. Ne4 Bd7 16. b4 Qh5 17. Nd6 Rab8 18.
Be2 Qg6 19. Qb3 a6 20. Rd2 Ne5 21. Nxe5 fxe5 22. Bf3 Bxd6 23. Rxd6 e4 24. Be2 Bb5 25. Rxd8+ Rxd8 26. Bxb5 axb5 27. Rd1 Rd3 28. Qc2 Qf5 29. g3 Qd5 30. Rc1 h5 31. Qc7 Qf5 32. Qf4 Qxf4 33. gxf4 Rxa3 34. Rc5 h4 35. Kg2 f5 36. Rxb5 Ra2 37.
Rxb7 h3+ 38. Kg3 Kf8 39. b5 Ke8 40. b6 Rb2 41. Kxh3 1-0

[Event "*** SCC Grand Prix: Titled Tuesday Blitz"]
[Site "Chess.com"]
[Date "2020.08.25"]
[Round "8"]
[White "Schandenfreude"]
[Black "tteshan"]
[Result "0-1"]
[WhiteElo "2493"]
[BlackElo "2372"]
[TimeControl "180+1"]
[EndTime "11:36:43 PDT"]
[Termination "tteshan won on time"]

1. Nf3 c5 2. c4 Nc6 3. g3 g6 4. Bg2 Bg7 5. O-O e6 6. e3 Nge7 7. d4 cxd4 8. Nxd4 Nxd4 9. exd4 d5 10. cxd5 Nxd5 11. Nc3 O-O 12. Qb3 Nb6 13. Rd1 Qe7 14. h4 h6 15. Be3 Rd8 16. Rac1 Bd7 17. d5 exd5 18. Re1 Be6 19. Bxb6 axb6 20. Qxb6 Qd7 21.
a3 Rdc8 22. Rcd1 Bxc3 23. bxc3 Rxc3 24. h5 g5 25. Qd4 Raxa3 26. Qf6 Rc8 27. Qxh6 g4 28.
Qg5+ Kh7 29. Be4+ f5 30. Qg6+ Kh8 31. Qf6+ Kg8 32. Qg6+ Kh8 33. Qh6+ Kg8 34. Bg2 Qf7 35. Qxe6 Qxe6 36. Rxe6 d4 0-1

[Event "*** SCC Grand Prix: Titled Tuesday Blitz"]
[Site "Chess.com"]
[Date "2020.08.25"]
[Round "8"]
[White "Kobalia"]
[Black "GelmanAlexander"]
[Result "1-0"]
[WhiteElo "2768"]
[BlackElo "2552"]
[TimeControl "180+1"]
[EndTime "11:36:46 PDT"]
[Termination "Kobalia won by checkmate"]

1. e4 c5 2. Nf3 e6 3. g3 Nc6 4. Bg2 Nf6 5. Qe2 d6 6. O-O Be7 7. c3 O-O 8. Rd1 d5 9. e5 Nd7 10. d4 Rb8 11. Be3 b5 12. Nbd2 a5 13. h4 Ba6 14.
Ng5 h6 15. Nh3 Rb6 16. Qg4 Kh8 17. Nf4 Rg8 18. Qh5 Qe8 19. Nf3 Nf8 20. dxc5 Rb8 21.
Bf1 Nh7 22. Nd4 g6 23. Qe2 Nxe5 24. a4 Nc4 25. axb5 Bxb5 26. Nxb5 Qxb5 27. Bd4+ Bf6 28. Rab1 a4 29. Qf3 Bxd4 30. cxd4 Kg7 31. h5 g5 32. Bxc4 Qxc4 33. Ng2 Rb3 34. Ne3 Qb5 35.
Ra1 Rxb2 36. Ng4 Ra8 37. Ne5 Nf6 38. Rd3 Rb1+ 39. Rxb1 Qxb1+ 40. Kg2 Qb2 41. c6 a3 42. Rb3 Qxb3 43. Qxb3 a2 44. Qb7 a1=Q 45. Qxf7+ Kh8 46.
Ng6# 1-0

[Event "*** SCC Grand Prix: Titled Tuesday Blitz"]
[Site "Chess.com"]
[Date "2020.08.25"]
[Round "8"]
[White "zmeeed67"]
[Black "chesstatour"]
[Result "0-1"]
[WhiteElo "2403"]
[BlackElo "1944"]
[TimeControl "180+1"]
[EndTime "11:36:46 PDT"]
[Termination "chesstatour won on time"]

1. e4 c6 2. d4 d5 3. e5 c5 4. c4 cxd4 5. Qxd4 Nc6 6. Qxd5 Qxd5 7. cxd5 Nxe5 8. Bf4 Nd7 9. Nc3 a6 10. Nf3 g6 11. a4 Bg7 12. a5 Ngf6 13. h3 O-O 14.
Bc4 b5 15. axb6 Nxb6 16. Ba2 Bb7 17. Rd1 Rac8 18. O-O Nc4 19. Bxc4 Rxc4 20. Be5 Rd8 21. d6 exd6 22. Rxd6 Rxd6 23. Bxd6 Bxf3 24. gxf3 Ne8 25. Bg3 Bxc3 26. bxc3 Rxc3 27. Ra1 Rc6 28. Kg2 f5 29.
Be5 Kf7 30. f4 Nf6 31. Rb1 Nd7 32. Rb7 Ke6 33. Bh8 Rc4 34. Ra7 Ra4 35. Kg3 h6 36. h4 h5 37. Bg7 Nf6 38. f3 Nd5 39. Rb7 Rxf4 0-1

[Event "*** SCC Grand Prix: Titled Tuesday Blitz"]
[Site "Chess.com"]
[Date "2020.08.25"]
[Round "8"]
[White "Gareth-Bale11"]
[Black "AnonymousIM2023"]
[Result "0-1"]
[WhiteElo "2736"]
[BlackElo "2635"]
[TimeControl "180+1"]
[EndTime "11:36:47 PDT"]
[Termination "AnonymousIM2023 won by checkmate"]

1. d4 Nf6 2. c4 c5 3. d5 e6 4. Nc3 exd5 5. cxd5 d6 6. e4 g6 7. f4 Bg7 8. Bb5+ Nfd7 9. Bd3 Qh4+ 10. g3 Qe7 11. Nf3 Nb6 12. Kf2 Bg4 13. h3 Bxf3 14.
Qxf3 O-O 15. Be3 Na6 16. Rae1 c4 17. Bb1 Nb4 18. Kg2 Rac8 19. Rd1 Rfe8 20. Rhe1 Qd7 21. a3 Nd3 22. Bxd3 cxd3 23. Rxd3 Na4 24. Nxa4 Qxa4 25. Bf2 Rc2 26. b4 Qb5 27. g4 Qc4 28. Kg3 g5 29. fxg5 Be5+ 30. Kg2 Bd4 31. Rf1 Bxf2 32. Rxf2 Rxf2+ 33.
Kxf2 Rxe4 34. Kg3 Re8 35. h4 Qc1 36. Qf2 Qb1 37. Rf3 Re7 38. Rf4 Qd3+ 39. Qf3 Re3 40. h5 Rxf3+ 41. Rxf3 Qxd5 42. Rf5 Qd3+ 43. Kf4 d5 44. Ke5 Qe4+ 45. Kf6 Qe6# 0-1

[Event "*** SCC Grand Prix: Titled Tuesday Blitz"]
[Site "Chess.com"]
[Date "2020.08.25"]
[Round "8"]
[White "Artem_Sadovsky"]
[Black "googlegoom"]
[Result "0-1"]
[WhiteElo "2551"]
[BlackElo "2460"]
[TimeControl "180+1"]
[EndTime "11:36:47 PDT"]
[Termination "googlegoom won by checkmate"]

1. Nf3 d5 2. c4 c6 3. b3 Nf6 4. Bb2 e6 5. g3 Be7 6. Bg2 b6 7.
O-O Bb7 8. d3 O-O 9. Nbd2 Nbd7 10.
Qc2 Qc7 11. cxd5 Nxd5 12. Nc4 c5 13. Rad1 Rac8 14. d4 cxd4 15. Nxd4 Nb4 16. Qb1 Bxg2 17. Kxg2 Nf6 18. a3 Nc6 19. Nb5 Qb8 20. e4 a6 21. Nbd6 Rcd8 22. e5 Nd5 23. Qe4 b5 24.
Ne3 Bxd6 25. exd6 Nxe3+ 26. Qxe3 Rxd6 27. Qc5 Rxd1 28. Rxd1 Qb7 29. Kg1 h6 30. Rd6 Rc8 31.
Qc3 e5 32. Qf3 f6 33. Qd5+ Kh8 34. Rd7 Rc7 35. Rd6 Nd4 36. Rd8+ Kh7 37. Qg8+ Kg6 38. Qe8+ Kg5 39. h4+ Kg4 40. Qg6+ Kh3 41. Rxd4 Qg2# 0-1

[Event "*** SCC Grand Prix: Titled Tuesday Blitz"]
[Site "Chess.com"]
[Date "2020.08.25"]
[Round "8"]
[White "zmarian"]
[Black "northridgehawk"]
[Result "1-0"]
[WhiteElo "2185"]
[BlackElo "2275"]
[TimeControl "180+1"]
[EndTime "11:36:47 PDT"]
[Termination "zmarian won on time"]

1. g3 Nf6 2. Bg2 g6 3. e4 d6 4. Nc3 Bg7 5. Nge2 c5 6. O-O O-O 7. d4 cxd4 8. Nxd4 Nc6 9. Nxc6 bxc6 10. e5 Nd5 11. Nxd5 cxd5 12. exd6 Qxd6 13. Qxd5 Qxd5 14.
Bxd5 Rb8 15. Rb1 Rd8 16. Bb3 a5 17. Bf4 e5 18. Bg5 Rd4 19. Be3 Rd8 20. Rfd1 Bg4 21.
Rd5 Bf3 22. Rxa5 e4 23. Ra7 Rf8 24. Bc5 Rfc8 25. Bxf7+ Kh8 26. Ra5 Rxb2 27. Rxb2 Bxb2 28. Bd5 Kg7 29. Rb5 Bf6 30. Rb7+ Kh8 31. Rb5 Rd8 32. Bb6 Rd6 33. c4 Kg7 34. a4 h5 35. a5 h4 36. gxh4 Bxh4 37. Bd4+ Kh6 38. Rb6 Rd8 39. a6 Kh5 40. a7 Kg4 41. a8=Q Rxa8 42. Bxa8 g5 43. c5 Kf4 44. Be3+ Kg4 45. Bd5 Kh3 46. Be6+ g4 47. c6 Bg5 48. Bxg5 1-0

[Event "*** SCC Grand Prix: Titled Tuesday Blitz"]
[Site "Chess.com"]
[Date "2020.08.25"]
[Round "8"]
[White "beto-betun"]
[Black "icychess54"]
[Result "1-0"]
[WhiteElo "2117"]
[BlackElo "2229"]
[TimeControl "180+1"]
[EndTime "11:36:47 PDT"]
[Termination "beto-betun won on time"]

1. d4 d5 2. Nf3 Nf6 3. g3 Bf5 4. Bg2 c6 5. O-O e6 6. c4 Nbd7 7. Qb3 Qb6 8. c5 Qxb3 9. axb3 a6 10. Nc3 Be7 11. b4 Rc8 12. Bf4 O-O 13. h3 Ne8 14. g4 Bg6 15. h4 h5 16. g5 f6 17. Bh3 Kf7 18. b5 cxb5 19. Nxd5 exd5 20. Bxd7 Rd8 21. Bh3 Be4 22. Nd2 fxg5 23. Bxg5 Bxg5 24. hxg5 Kg6 25. f4 Bf5 26. Bxf5+ Kxf5 27. e3 Nc7 28. Nf3 Ke4 29. Rae1 Ne6 30. Ne5 Rde8 31. Rf2 Nd8 32. Rh2 Rh8 33. Kf2 Nc6 34. Nf7 Rhf8 35. Nd6+ Kd3 36. Nxe8 Rxe8 37. Rxh5 Nb4 38. Re2 Nc2 39.
Rh3 Re4 40. f5 Re7 41. f6 gxf6 42. gxf6 Rf7 43. Rf3 b4 44. e4+ 1-0

[Event "*** SCC Grand Prix: Titled Tuesday Blitz"]
[Site "Chess.com"]
[Date "2020.08.25"]
[Round "8"]
[White "mfwagnerpeixoto"]
[Black "frequentblunders"]
[Result "0-1"]
[WhiteElo "2214"]
[BlackElo "2083"]
[TimeControl "180+1"]
[EndTime "11:36:47 PDT"]
[Termination "frequentblunders won on time"]

1. d4 e6 2. c4 c5 3. Nf3 Nf6 4. Nc3 cxd4 5. Nxd4 Bb4 6. g3 Bxc3+ 7. bxc3 Nc6 8. Bg2 O-O 9. O-O Qa5 10. Nb5 a6 11. Nd6 Qxc3 12. Bg5 h6 13. Rc1 Qe5 14. Bf4 Qc5 15. e4 e5 16. Be3 Nd4 17. Nf5 d6 18. Nxd4 exd4 19. Bxd4 Qg5 20. f4 Qg6 21. Ba1 Nxe4 22. Qc2 Bf5 23. Qb2 Rac8 24. Qxb7 Nc5 25. Qd5 Be4 26. Bxe4 Qxe4 27. Rfd1 Qe3+ 28. Kh1 Ne4 29. Rf1 Nf2+ 30. Kg2 Nd3 31. Rcd1 Qe2+ 32. Kh1 Nf2+ 33. Rxf2 Qxf2 34. Bd4 Qxa2 35. Bxg7 Kxg7 36.
f5 Qxc4 37. f6+ Kh8 38. Qd2 Qc6+ 39. Kg1 Qc5+ 40. Kf1 Kh7 0-1

[Event "*** SCC Grand Prix: Titled Tuesday Blitz"]
[Site "Chess.com"]
[Date "2020.08.25"]
[Round "8"]
[White "Beca95"]
[Black "albi1999"]
[Result "1/2-1/2"]
[WhiteElo "2869"]
[BlackElo "2575"]
[TimeControl "180+1"]
[EndTime "11:36:48 PDT"]
[Termination "Game drawn - insufficient material"]

1. d4 d5 2. c4 e6 3. Nf3 Nf6 4. Nc3 c5 5. cxd5 Nxd5 6. e4 Nxc3 7. bxc3 cxd4 8. cxd4 Bb4+ 9. Bd2 Bxd2+ 10. Qxd2 O-O 11.
Bc4 Nd7 12. O-O b6 13. Rfe1 Bb7 14. Rad1 Rc8 15. Bb3 Qf6 16. h4 Rfd8 17. Qe3 h6 18. g4 Qg6 19. Qf4 Nf6 20. Ne5 Qh7 21. g5 hxg5 22.
hxg5 Bxe4 23. f3 Bf5 24. gxf6 gxf6 25. Ng4 Qg7 26. Qh6 Rc3 27. Qxg7+ Kxg7 28. Kf2 Rh8 29. Rh1 Rxh1 30. Rxh1 Bxg4 31. fxg4 Rd3 32. d5 exd5 33. Rd1 Rxd1 34. Bxd1 f5 35. gxf5 Kf6 36. Bc2 Ke5 37.
Ke3 b5 38. Bd3 b4 39. Bc2 f6 40. Kd3 a5 41. Bb3 Kxf5 42. Kd4 Ke6 43. Kc5 Ke5 44. Kb5 Kd4 45. Kxa5 Kc5 46. Bd1 f5 47. Ka4 Kc4 48. Bb3+ Kc5 49. Bc2 Kc4 50. Bxf5 d4 51.
Bc2 Kc3 52. Bb3 d3 53. Kb5 d2 54. Ka4 Kb2 55. Kxb4 d1=Q 56. Bxd1 Kxa2 1/2-1/2

[Event "*** SCC Grand Prix: Titled Tuesday Blitz"]
[Site "Chess.com"]
[Date "2020.08.25"]
[Round "8"]
[White "Djager97"]
[Black "m_ezat"]
[Result "0-1"]
[WhiteElo "2441"]
[BlackElo "2567"]
[TimeControl "180+1"]
[EndTime "11:36:48 PDT"]
[Termination "m_ezat won by resignation"]

1. e4 c6 2. d4 d5 3. Nc3 dxe4 4. Nxe4 Nd7 5. Bd3 Ngf6 6. Ng5 e6 7. Qe2 Bd6 8. N1f3 h6 9. Ne4 Nxe4 10. Qxe4 Qc7 11.
Bd2 b6 12. O-O-O Bb7 13. Qe2 O-O-O 14. c4 c5 15. Bc3 Kb8 16. Kb1 cxd4 17. Nxd4 a6 18. Nf3 Rhe8 19. Bxg7 Rg8 20. Bxh6 Rxg2 21. Be3 Nc5 22. Bc2 Rdg8 23. h4 Bf4 24. h5 Bxe3 25. Qxe3 R2g4 26. h6 Rxc4 27. h7 Rh8 28. Rhg1 Rxc2 29.
Rg8+ Ka7 30. Rxh8 Be4 31. Qxe4 Nxe4 32. Ra8+ Kxa8 33. h8=Q+ Ka7 34. Qd4 Rxf2 35. Ne5 Qc2+ 36. Ka1 Rd2 37. Nc6+ Qxc6 0-1

[Event "*** SCC Grand Prix: Titled Tuesday Blitz"]
[Site "Chess.com"]
[Date "2020.08.25"]
[Round "8"]
[White "Logman74"]
[Black "paulrusan"]
[Result "0-1"]
[WhiteElo "2376"]
[BlackElo "2222"]
[TimeControl "180+1"]
[EndTime "11:36:49 PDT"]
[Termination "paulrusan won on time"]

1. d4 Nf6 2. c4 g6 3. Nc3 Bg7 4. d5 O-O 5. Nf3 d6 6. e4 Na6 7. Be2 Nc5 8. Qc2 a5 9. O-O e5 10. Be3 b6 11. Nd2 Bd7 12. b3 Nh5 13. Bxh5 gxh5 14.
a3 f5 15. Bxc5 bxc5 16. exf5 Bxf5 17. Nde4 Rb8 18. f3 h4 19. Nb5 Bh6 20. Rae1 Kh8 21.
a4 Rg8 22. Qc3 Bf4 23. Kh1 Qe7 24. Na7 Rb4 25. Nc6 Qg7 26. Re2 Bxe4 27. fxe4 h5 28.
Nxa5 Qg4 29. Qf3 h3 30. Qxg4 hxg4 31. gxh3 g3 32. hxg3 Rxg3 33. Rg1 Rxh3+ 34. Kg2 Rg3+ 35. Kf2 Rxg1 36. Kxg1 Rb8 37. Rg2 Be3+ 38. Kf1 Bd4 39. Rg3 Rf8+ 40. Ke2 Rf2+ 41. Ke1 Rb2 42. Nc6 Bf2+ 43.
Kd1 Bxg3 44. a5 Rxb3 45. a6 Ra3 46. a7 Kg7 47. Kc2 Be1 48. Kb2 Ra6 49. Kb3 Ba5 50. Ka4 Bb6+ 51. Kb5 Rxa7 52. Nxa7 Bxa7 53. Kc6 Bb6 0-1

[Event "*** SCC Grand Prix: Titled Tuesday Blitz"]
[Site "Chess.com"]
[Date "2020.08.25"]
[Round "8"]
[White "ajdemipopushi"]
[Black "winniethepooh04"]
[Result "0-1"]
[WhiteElo "2276"]
[BlackElo "2199"]
[TimeControl "180+1"]
[EndTime "11:36:49 PDT"]
[Termination "winniethepooh04 won on time"]

1. Nf3 Nf6 2. g3 g6 3. Bg2 Bg7 4. O-O O-O 5. c4 d5 6. cxd5 Nxd5 7. d4 c6 8. e4 Nb6 9. Nc3 Bg4 10. d5 Nc4 11. h3 Bxf3 12. Qxf3 Ne5 13. Qe2 cxd5 14. exd5 Nbd7 15. Bf4 Rc8 16. Rfe1 Re8 17. Rac1 Qb6 18.
Be3 Qa5 19. Red1 Nc4 20. Bd4 Nf6 21. b3 Nd6 22. g4 b5 23. g5 Nh5 24. Bxg7 Nxg7 25.
h4 b4 26. Ne4 Rxc1 27. Rxc1 Nxe4 28. Bxe4 Qb6 29. Rc6 Qd4 30. Qc4 Qd1+ 31. Kh2 Qd2 32. Kg2 Qf4 33. Bf3 Qb8 34. Bg4 a5 35. Rc7 Qb6 36.
Qc5 Qd6 37. Qxd6 exd6 38. Rc6 Rd8 39. Ra6 Ne8 40. Rxa5 Nc7 41. Bf3 Rb8 42. Ra7 Nb5 43.
Rd7 Rb6 44. Rd8+ Kg7 45. Ra8 Nc3 0-1

[Event "*** SCC Grand Prix: Titled Tuesday Blitz"]
[Site "Chess.com"]
[Date "2020.08.25"]
[Round "8"]
[White "GMKrikor"]
[Black "Chess_Boxer123"]
[Result "1-0"]
[WhiteElo "2718"]
[BlackElo "2548"]
[TimeControl "180+1"]
[EndTime "11:36:50 PDT"]
[Termination "GMKrikor won by resignation"]

1. e4 c6 2. d4 d5 3. Nc3 dxe4 4. Nxe4 Bf5 5. Ng3 Bg6 6. h4 h6 7. Nf3 Nd7 8. h5 Bh7 9. Bd3 Bxd3 10. Qxd3 e6 11. Bd2 Ngf6 12. O-O-O Be7 13. Kb1 Qb6 14. Ne4 Nxe4 15. Qxe4 Nf6 16. Qe2 O-O-O 17. c4 Qa6 18. Ne5 Rhf8 19. Bc1 Nd7 20. Nf3 Bf6 21. Rhe1 Rfe8 22.
Ne5 Nxe5 23. dxe5 Be7 24. f4 Rxd1 25. Rxd1 Rd8 26. Rxd8+ Bxd8 27. g4 c5 28. Qe4 Qa4 29. b3 Qd7 30. Kc2 f5 31. gxf5 exf5 32. Qd5 Qe7 33. Be3 b6 34. Qa8+ Kd7 35. Qxa7+ Ke8 36.
Qxe7+ Kxe7 37. a3 Kf7 38. b4 cxb4 39. axb4 g6 40. hxg6+ Kxg6 41. Kd3 h5 42. Ke2 Kf7 43. Kf3 Ke6 44. b5 Bc7 45. Kg3 Bd8 46. Bg1 Kd7 47.
c5 bxc5 48. Bxc5 Kc8 49. e6 Bf6 50. b6 Kb7 51. e7 Bxe7 52. Bxe7 Kxb6 53. Kh4 Kc6 54.
Bg5 Kd5 55. Kxh5 Ke4 56. Kg6 1-0

[Event "*** SCC Grand Prix: Titled Tuesday Blitz"]
[Site "Chess.com"]
[Date "2020.08.25"]
[Round "8"]
[White "MomchilPetkov"]
[Black "1f3_2g41-0"]
[Result "1-0"]
[WhiteElo "2557"]
[BlackElo "2438"]
[TimeControl "180+1"]
[EndTime "11:36:50 PDT"]
[Termination "MomchilPetkov won by resignation"]

1. e4 c5 2. Nf3 d6 3. d4 cxd4 4. Nxd4 Nf6 5. Nc3 a6 6. Bg5 e6 7.
f4 Be7 8. Qf3 O-O 9. O-O-O Nbd7 10. g4 Qc7 11. Bxf6 Bxf6 12. g5 Bxd4 13. Rxd4 b5 14.
f5 Bb7 15. Bh3 Ne5 16. Qg3 exf5 17. Bxf5 Qc5 18. Rhd1 b4 19. Nd5 Bxd5 20. Rxd5 Qc4 21. Qb3 g6 22. Bh3 Qxe4 23. Rxd6 Qf4+ 24. Kb1 Qxg5 25.
Qg3 Qe7 26. R6d5 Rad8 27. Bg2 Nc4 28. Qf4 Rxd5 29. Bxd5 Ne3 30. Rd3 Nxd5 31. Rxd5 Qe1+ 32. Qc1 Qe4 33. Qd2 Re8 34. b3 Qe1+ 35. Kb2 Qxd2 36. Rxd2 Re5 37. Rd4 a5 38. a3 bxa3+ 39. Kxa3 f5 40. c4 g5 41. b4 axb4+ 42. Kxb4 f4 43. c5 f3 44. c6 Re1 45. c7 Rb1+ 46. Kc5 Rc1+ 47. Rc4 f2 48. c8=Q+ Kg7 49. Rxc1 1-0

[Event "*** SCC Grand Prix: Titled Tuesday Blitz"]
[Site "Chess.com"]
[Date "2020.08.25"]
[Round "8"]
[White "Oglob71"]
[Black "mbojan"]
[Result "1/2-1/2"]
[WhiteElo "2564"]
[BlackElo "2775"]
[TimeControl "180+1"]
[EndTime "11:36:51 PDT"]
[Termination "Game drawn by repetition"]

1. d4 Nf6 2. Nf3 c5 3. d5 e6 4. c4 b5 5. Bg5 bxc4 6. Nc3 exd5 7. Bxf6 Qxf6 8. Qxd5 Nc6 9. e3 Qe6 10. Bxc4 Qxd5 11.
Bxd5 Bb7 12. O-O-O Be7 13. Ne5 Nxe5 14. Bxb7 Rb8 15.
Bd5 O-O 16. h3 Bf6 17. f4 Nc6 18. Bxc6 dxc6 19. Rd6 Rfe8 20. Re1 Rb4 21. Re2 h5 22.
Rxc6 Bxc3 23. bxc3 Rxf4 24. Rxc5 Rfe4 25. Kd2 Rd8+ 26.
Ke1 h4 27. Ra5 Rd7 28. Kf2 Rc7 29. Rc2 Rec4 30. Ke2 Rxc3 31. Rxc3 Rxc3 32. Rxa7 Rc2+ 33. Kf3 g6 34. a4 Kg7 35. Rd7 Ra2 36. Rd4 g5 37.
Rb4 Kg6 38. g3 hxg3 39. Kxg3 f6 40. h4 gxh4+ 41. Kxh4 Kf5 42. Kg3 Ke5 43. Kf3 Kf5 44.
Rb5+ Ke6 45. a5 Ra4 46. Ke2 f5 47. Kf3 Kf6 48. Rb6+ Ke5 49. Ra6 Ra3 50. Ke2 Ke4 51. Re6+ Kd5 52. Ra6 Ke4 53. Re6+ Kd5 54. Rf6 Ke5 55.
Ra6 Ke4 1/2-1/2

[Event "*** SCC Grand Prix: Titled Tuesday Blitz"]
[Site "Chess.com"]
[Date "2020.08.25"]
[Round "8"]
[White "Azoulas1"]
[Black "annacramling"]
[Result "1-0"]
[WhiteElo "1973"]
[BlackElo "2115"]
[TimeControl "180+1"]
[EndTime "11:36:51 PDT"]
[Termination "Azoulas1 won on time"]

1. e4 c5 2. Nf3 e6 3. d4 cxd4 4. Nxd4 Nf6 5. Nc3 Nc6 6. Ndb5 d6 7. Bf4 e5 8. Bg5 a6 9. Bxf6 gxf6 10. Na3 b5 11.
Nd5 f5 12. c3 Bg7 13. g3 O-O 14. Bg2 Ne7 15. exf5 Bxf5 16. Nxe7+ Qxe7 17. Bxa8 Rxa8 18. Nc2 Bh3 19. Ne3 Qg5 20. Qd5 Rd8 21. Rd1 Kh8 22. Rd2 f5 23. Qe6 f4 24. Qxh3 fxe3 25. Re2 exf2+ 26.
Kxf2 Rf8+ 27. Kg2 Qf6 28. Qg4 Bh6 29. Rhe1 Rg8 30. Qf3 Qg7 31. Rf1 Bg5 32. Qf7 Qh6 33. Rf5 Bf4 34. Rh5 Qg7 35. Qxg7+ Rxg7 36. Rf5 Bh6 37.
Rf8+ Rg8 38. Rxg8+ Kxg8 39. Rd2 Bf8 40. Rd5 Kf7 41.
Kf3 Ke6 42. Ke4 Bh6 43. h4 Bc1 44. b3 Bb2 45. Rd3 Bc1 46. c4 bxc4 47. bxc4 h5 48. Rb3 1-0

[Event "*** SCC Grand Prix: Titled Tuesday Blitz"]
[Site "Chess.com"]
[Date "2020.08.25"]
[Round "8"]
[White "anon481216"]
[Black "Chernobay_Artem"]
[Result "0-1"]
[WhiteElo "2445"]
[BlackElo "2574"]
[TimeControl "180+1"]
[EndTime "11:36:52 PDT"]
[Termination "Chernobay_Artem won on time"]

1. d4 g6 2. c4 Bg7 3. e4 d6 4.
Nc3 e5 5. Nf3 Nc6 6. Bg5 f6 7.
Be3 Nh6 8. dxe5 dxe5 9. Qxd8+ Nxd8 10. h3 Ne6 11. c5 c6 12. O-O-O Bd7 13. Bc4 O-O-O 14. g4 Nf7 15. Rd2 Bh6 16. Rhd1 Rhe8 17. b4 Bf4 18. Kc2 Nfg5 19. Ng1 h5 20. Bxf4 Nxf4 21.
f3 h4 22. Rd6 Rf8 23. Bf1 Be6 24. Nce2 Bxa2 25. Nxf4 exf4 26. Rxd8+ Rxd8 27. Ra1 Be6 28. Rxa7 Kb8 29. Ra1 Rd4 30. Kc3 Rd8 31. Be2 f5 32.
exf5 gxf5 33. Re1 Bc8 34. Bf1 Kc7 35. Re7+ Rd7 36. Re5 Rd5 37. Re7+ Bd7 38. Rg7 fxg4 39. fxg4 f3 40. Bc4 f2 0-1